[Event "*** Titled Tuesday Blitz"]
[Site "Chess.com"]
[Date "2018.12.04"]
[Round "3"]
[White "Iyael"]
[Black "eCztery"]
[Result "0-1"]
[WhiteElo "2117"]
[BlackElo "2281"]
[TimeControl "180+2"]
[EndTime "13:35:40 PST"]
[Termination "eCztery won by resignation"]

1. e4 e5 2. Nf3 Nc6 3. Bb5 a6 4. Bxc6 dxc6 5. O-O Bg4 6. h3 h5 7. d3 Qf6 8. Be3 Bd6 9. Nbd2 Ne7 10. Re1 O-O-O 11. Rb1 Bb4 12. a3 Bxf3 13. Qxf3 Qxf3 14. gxf3 Bxd2 15. Bxd2 Ng6 16. b4 Nh4 17. Re3 Rh6 18.
Kh2 Rf6 19. Kg3 g5 20. Bc3 Ng6 21. a4 Rh8 22. b5 cxb5 23. axb5 g4 24. bxa6 bxa6 25.
d4 h4+ 26. Kg2 Nf4+ 27. Kh2 g3+ 28. fxg3 hxg3+ 29. Kxg3 Rxh3+ 30. Kf2 Rh2+ 31. Ke1 Rh1+ 32. Kd2 Rxb1 33. dxe5 Rh6 34. Bd4 Rh2+ 35. Kc3 Ne2+ 36. Kd3 Rd1+ 0-1

[Event "*** Titled Tuesday Blitz"]
[Site "Chess.com"]
[Date "2018.12.04"]
[Round "3"]
[White "Markov_Mikhail"]
[Black "Paparama_1917"]
[Result "1-0"]
[WhiteElo "2605"]
[BlackElo "2584"]
[TimeControl "180+2"]
[EndTime "13:35:41 PST"]
[Termination "Markov_Mikhail won by resignation"]

1. c4 g6 2. Nf3 Bg7 3. g3 Nf6 4. Bg2 O-O 5. O-O c5 6. Nc3 Nc6 7. d4 cxd4 8. Nxd4 Qb6 9. e3 d6 10. b3 Bg4 11. Qd2 Rfd8 12. Bb2 a6 13. h3 Bd7 14.
Rfd1 Rac8 15. Rac1 Qa7 16. Nde2 Be8 17. Nf4 Qb8 18. Ncd5 Nxd5 19. Nxd5 b6 20. Bxg7 Kxg7 21. b4 e6 22. Qb2+ Ne5 23. Ne7 Rc7 24. Rxd6 f6 25.
Rxe6 Rcd7 26. Nd5 Bf7 27. Rxb6 Qa7 28. Rxf6 Rxd5 29. cxd5 Kxf6 30. Rc6+ 1-0

[Event "*** Titled Tuesday Blitz"]
[Site "Chess.com"]
[Date "2018.12.04"]
[Round "3"]
[White "xamax2000"]
[Black "51616516516"]
[Result "1-0"]
[WhiteElo "2486"]
[BlackElo "2243"]
[TimeControl "180+2"]
[EndTime "13:35:56 PST"]
[Termination "xamax2000 won on time"]

1. e4 c5 2. Nf3 e6 3. d4 cxd4 4. Nxd4 Nc6 5. Nc3 Qc7 6. Ndb5 Qb8 7. Be3 Nf6 8. f4 Bb4 9. a3 Bxc3+ 10. Nxc3 d5 11. e5 Nd7 12. Nb5 O-O 13. Bd3 a6 14. Nd4 Ndxe5 15. fxe5 Qxe5 16. Qd2 Nxd4 17. O-O-O Nf5 18.
Bf4 Qd4 19. g4 e5 20. Bg5 Qxg4 21. Rhg1 Qh5 22. Bf6 e4 23. Be2 Qxh2 24. Rxg7+ Nxg7 25. Qg5 Qh6 26. Qxh6 1-0

[Event "*** Titled Tuesday Blitz"]
[Site "Chess.com"]
[Date "2018.12.04"]
[Round "3"]
[White "MattyDPerrine"]
[Black "GMHess"]
[Result "0-1"]
[WhiteElo "2418"]
[BlackElo "2635"]
[TimeControl "180+2"]
[EndTime "13:35:57 PST"]
[Termination "GMHess won by resignation"]

1. Nf3 g6 2. g3 Bg7 3. Bg2 e5 4. e4 Nc6 5. O-O d6 6. c3 Bg4 7.
Na3 Qd7 8. Re1 h5 9. h4 O-O-O 10. Nc2 f5 11. exf5 gxf5 12. d3 Nf6 13. Ne3 f4 14.
Nxg4 hxg4 15. Ng5 f3 16. Bf1 Rde8 17. Bd2 Ne7 18. Qb3 Nf5 19. d4 exd4 20. Bc4 d5 21. Bb5 c6 22. Bd3 Nxh4 23. gxh4 Rxh4 24. Qc2 Reh8 0-1

[Event "*** Titled Tuesday Blitz"]
[Site "Chess.com"]
[Date "2018.12.04"]
[Round "3"]
[White "BIG_Pirate"]
[Black "BasilSmash"]
[Result "1/2-1/2"]
[WhiteElo "2360"]
[BlackElo "2389"]
[TimeControl "180+2"]
[EndTime "13:36:05 PST"]
[Termination "Game drawn by repetition"]

1. Nf3 d5 2. c4 d4 3. g3 Nc6 4.
Bg2 e5 5. O-O e4 6. Ne1 h5 7. d3 h4 8. Bxe4 Bh3 9. Ng2 hxg3 10. fxg3 Nf6 11. Bf3 Qd7 12. Nd2 O-O-O 13. Ne4 Ng4 14.
Ng5 Bxg2 15. Bxg2 Nxh2 16. Rxf7 Qg4 17. Bf4 Bd6 18. Qd2 Qh5 19. Bh3+ Ng4 20. Bxd6 cxd6 21. Qf4 Ne5 22. Re7 Rhf8 23. Qe4 Rd7 24. Rxd7 Kxd7 25. Bxg4+ Nxg4 26. Qxb7+ Ke8 27. Qc8+ Ke7 28. Qe6+ Kd8 29. Qxd6+ Ke8 30. Qc6+ Ke7 31. Qe6+ Kd8 32. Qd6+ Ke8 33. Qe6+ Kd8 34. Qd6+ Ke8 35. Qe6+ Kd8 36. Qd6+ Ke8 37. Qe6+ Kd8 38. Qd6+ 1/2-1/2

[Event "*** Titled Tuesday Blitz"]
[Site "Chess.com"]
[Date "2018.12.04"]
[Round "3"]
[White "Rakhmanov_Aleksandr"]
[Black "MatyChess1"]
[Result "1-0"]
[WhiteElo "2791"]
[BlackElo "2530"]
[TimeControl "180+2"]
[EndTime "13:36:09 PST"]
[Termination "Rakhmanov_Aleksandr won by checkmate"]

1. c4 e5 2. Nf3 Nc6 3. Nc3 Nf6 4. d4 exd4 5. Nxd4 Bb4 6. Nxc6 bxc6 7. Bd2 O-O 8. g3 d5 9. cxd5 cxd5 10. Bg2 c6 11. O-O Re8 12. Rc1 Bg4 13. f3 Bd7 14. Na4 Bd6 15.
Rf2 Qe7 16. Qc2 h5 17. Nc5 h4 18. gxh4 Bc8 19. Bg5 Qe5 20. f4 Qe3 21. Bxf6 gxf6 22. Nd3 Bd7 23. Kh1 Bf5 24. Rg1 Kh8 25. Qxc6 Bxd3 26.
Qxd6 Qxf2 27. Qxf6+ Kh7 28. Qxf7+ Kh8 29. Qf6+ Kh7 30.
exd3 Re1 31. Be4+ dxe4 32. Qg7# 1-0

[Event "*** Titled Tuesday Blitz"]
[Site "Chess.com"]
[Date "2018.12.04"]
[Round "3"]
[White "Caminator2000"]
[Black "vovachesss"]
[Result "0-1"]
[WhiteElo "2357"]
[BlackElo "2501"]
[TimeControl "180+2"]
[EndTime "13:36:15 PST"]
[Termination "vovachesss won by resignation"]

1. d4 Nc6 2. Nf3 d6 3. g3 g6 4. Bg2 Bg7 5. O-O Nf6 6. c4 O-O 7. Nc3 h6 8. h3 a5 9. d5 Ne5 10. Nd2 e6 11. f4 Ned7 12. dxe6 fxe6 13. Qc2 Kh7 14. Nf3 Re8 15. g4 e5 16. Nh4 Nf8 17. g5 Nh5 18. f5 hxg5 19. fxg6+ Kh8 20. Nf5 Nxg6 21. Nxg7 Kxg7 22. Be4 Ngf4 23. e3 Bxh3 24. Kh2 Bxf1 0-1

[Event "*** Titled Tuesday Blitz"]
[Site "Chess.com"]
[Date "2018.12.04"]
[Round "3"]
[White "DishonorOnYourCow"]
[Black "TheRigos"]
[Result "0-1"]
[WhiteElo "2251"]
[BlackElo "2409"]
[TimeControl "180+2"]
[EndTime "13:36:18 PST"]
[Termination "TheRigos won by resignation"]

1. d4 Nf6 2. c4 g6 3. Nc3 Bg7 4. e4 O-O 5. f4 d6 6. Nf3 c5 7. d5 e6 8. dxe6 Bxe6 9. Bd3 Nc6 10. f5 Bd7 11. O-O Re8 12. Bf4 Qb6 13. Bxd6 Nb4 14. Be5 Rad8 15. Bxf6 Bxf6 16. Nd5 Nxd5 17. cxd5 c4+ 18.
Kh1 cxd3 19. Re1 Qxb2 20. e5 Rxe5 21. Nxe5 Bxe5 22. Rb1 Qd4 23. fxg6 hxg6 24. Rxb7 Qxd5 25. Rxa7 Bc6 26. Qd2 Bc3 0-1

[Event "*** Titled Tuesday Blitz"]
[Site "Chess.com"]
[Date "2018.12.04"]
[Round "3"]
[White "AsaHoffmann"]
[Black "mjray79"]
[Result "1-0"]
[WhiteElo "2121"]
[BlackElo "2151"]
[TimeControl "180+2"]
[EndTime "13:36:19 PST"]
[Termination "AsaHoffmann won on time"]

1. d4 Nf6 2. Bg5 Ne4 3. Bf4 d5 4. f3 Nf6 5. e4 dxe4 6. Nc3 exf3 7. Nxf3 e6 8. Bc4 Be7 9. Qe2 c5 10.
O-O-O cxd4 11. Rxd4 Bd7 12. Rhd1 Nc6 13. R4d2 Qb6 14.
Ne5 Nxe5 15. Bxe5 O-O-O 16. a3 Bc6 17. Bg3 Qa5 18. Bxe6+ fxe6 19. Qxe6+ Nd7 20. Qxe7 b6 21. Qd6 Kb7 22. Qc7+ Ka6 23. Qxc6 Qg5 24. Kb1 Nc5 25. Qb5+ Kb7 26. Rd5 Rxd5 27. Rxd5 Qe3 28. Qf1 Re8 29. Rd1 Qg5 30. Qf4 Qxf4 31. Bxf4 Re2 32. b4 Ne6 33. Bg3 Rxg2 34. Rd7+ Kc6 35. Rd6+ Kb7 36. Rxe6 1-0

[Event "*** Titled Tuesday Blitz"]
[Site "Chess.com"]
[Date "2018.12.04"]
[Round "3"]
[White "mitrabhaa"]
[Black "afgano29"]
[Result "0-1"]
[WhiteElo "2573"]
[BlackElo "2631"]
[TimeControl "180+2"]
[EndTime "13:36:21 PST"]
[Termination "afgano29 won on time"]

1. Nf3 Nf6 2. d4 g6 3. g3 Bg7 4. Bg2 O-O 5. O-O d5 6. c4 dxc4 7. Na3 Nc6 8. Nxc4 Be6 9. Nce5 Bd5 10. b3 a5 11. Bb2 a4 12. bxa4 Ra6 13. Nd3 Qa8 14.
Nc5 Ra5 15. Bc3 Ra7 16. Re1 Ne4 17. Nxe4 Bxe4 18. Qb3 Rxa4 19. e3 e6 20. a3 Rd8 21.
Nh4 Bxg2 22. Nxg2 Bf8 23. Bb2 Qa6 24. Nf4 Qc4 25. Qxb7 Rb8 26. Qxc7 Ra7 27. Rac1 Qxc1 28. Rxc1 Rxc7 29. Rc2 Rbc8 30. d5 Nd8 31. Rd2 Rd7 32. h4 Rb8 33. Be5 Rb5 34. a4 Rbxd5 35. Nxd5 Rxd5 36. Rxd5 exd5 37. a5 Nc6 38. Bc7 Bc5 39.
Kf1 Kf8 40. Ke2 Ke8 41. Kf3 Kd7 42. Bf4 Nxa5 43. Kg4 h5+ 44. Kg5 Ke6 0-1

[Event "*** Titled Tuesday Blitz"]
[Site "Chess.com"]
[Date "2018.12.04"]
[Round "3"]
[White "David_Klein"]
[Black "bascheyaro"]
[Result "1-0"]
[WhiteElo "2593"]
[BlackElo "2781"]
[TimeControl "180+2"]
[EndTime "13:36:26 PST"]
[Termination "David_Klein won by resignation"]

1. e4 e6 2. Qe2 d5 3. exd5 Qxd5 4. Nc3 Qd8 5. g3 Nf6 6. Bg2 Be7 7. Nf3 O-O 8. O-O c5 9. Ne5 Nbd7 10. Nxd7 Qxd7 11.
d3 h6 12. Bf4 Bd6 13. Be5 Qe7 14. Rad1 Rd8 15. Rfe1 Rb8 16. d4 Bxe5 17. Qxe5 Nd7 18. Qe3 b6 19. d5 Nf6 20. Qe5 Bd7 21. Qc7 Ne8 22. Qxa7 Ra8 23. Qb7 Rdb8 24. d6 Nxd6 25. Qc7 Ne8 26. Qxd7 Qxd7 27. Rxd7 Ra5 28. Red1 Kf8 29.
Rd8 Rxd8 30. Rxd8 Ke7 31. Rb8 Nf6 32. Rxb6 c4 33. Rb7+ 1-0

[Event "*** Titled Tuesday Blitz"]
[Site "Chess.com"]
[Date "2018.12.04"]
[Round "3"]
[White "Dr-Bassem"]
[Black "nailbeshirli"]
[Result "0-1"]
[WhiteElo "2727"]
[BlackElo "2592"]
[TimeControl "180+2"]
[EndTime "13:36:27 PST"]
[Termination "nailbeshirli won by resignation"]

1. e4 Nf6 2. e5 Nd5 3. d4 d6 4.
Bc4 Nb6 5. Bb3 a5 6. a4 dxe5 7. Qh5 e6 8. dxe5 Nc6 9. Nf3 g6 10. Qg4 Nd7 11. Bf4 h5 12. Qg3 h4 13. Qg4 Bg7 14.
Bg5 Ndxe5 15. Nxe5 Nxe5 16. Qf4 Qd6 17. Nc3 O-O 18. Nb5 Qc6 19. Bf6 Bxf6 20. Qxf6 Qe4+ 21.
Kd2 h3 22. Rhe1 Qb4+ 23. Kd1 Ng4 24. Qf3 Rd8+ 25. Ke2 Rd2+ 26. Kf1 Nxh2+ 27. Kg1 Nxf3+ 28. gxf3 0-1

[Event "*** Titled Tuesday Blitz"]
[Site "Chess.com"]
[Date "2018.12.04"]
[Round "3"]
[White "Wolverine_master"]
[Black "MateusViageiro"]
[Result "1-0"]
[WhiteElo "2128"]
[BlackElo "2193"]
[TimeControl "180+2"]
[EndTime "13:36:27 PST"]
[Termination "Wolverine_master won by checkmate"]

1. e4 c5 2. Nf3 d6 3. c3 Nf6 4. Bd3 e6 5. O-O Be7 6. Bc2 O-O 7. d4 cxd4 8. cxd4 Nc6 9. Nc3 a6 10. a3 e5 11. Bg5 Bg4 12. d5 Nd4 13. Qd3 Nxf3+ 14.
gxf3 Bh3 15. Rfe1 Nxd5 16. exd5 f5 17. Bxe7 Qxe7 18. Kh1 Qh4 19. Qe3 Rf6 20. Rg1 f4 21.
Qb6 Kh8 22. Rxg7 Kxg7 23. Qxb7+ Kh6 24. Qxh7+ Kg5 25. Ne4# 1-0

[Event "*** Titled Tuesday Blitz"]
[Site "Chess.com"]
[Date "2018.12.04"]
[Round "3"]
[White "Hikaru"]
[Black "GMKrikor"]
[Result "1-0"]
[WhiteElo "3041"]
[BlackElo "2673"]
[TimeControl "180+2"]
[EndTime "13:36:28 PST"]
[Termination "Hikaru won by resignation"]

1. d4 Nf6 2. Nf3 d5 3. Bf4 c5 4. e3 Nc6 5. c3 e6 6. Nbd2 Nh5 7. Be5 Nf6 8. Bd3 Nxe5 9. dxe5 Nd7 10. e4 Be7 11. O-O O-O 12. Re1 d4 13. cxd4 cxd4 14.
Nb3 Nc5 15. Nfxd4 Nxd3 16. Qxd3 Qb6 17. f4 Rd8 18. Qe3 a5 19. a4 Bd7 20. Kh1 Rac8 21.
Nf5 Qxe3 22. Nxe7+ Kf8 23. Rxe3 Kxe7 24. Nxa5 Bxa4 25. Nxb7 Rd2 26. b3 Bc6 27. Nd6 Ra8 28. Ree1 g5 29. fxg5 Rxa1 30. Rxa1 Rb2 31. h4 Rxb3 32. Ra7+ Bd7 33. Nxf7 Rg3 34. Nh6 Ke8 35. Kh2 Re3 36. Ng4 1-0

[Event "*** Titled Tuesday Blitz"]
[Site "Chess.com"]
[Date "2018.12.04"]
[Round "3"]
[White "Durarbayli"]
[Black "Zq1"]
[Result "1-0"]
[WhiteElo "2706"]
[BlackElo "2507"]
[TimeControl "180+2"]
[EndTime "13:36:29 PST"]
[Termination "Durarbayli won by resignation"]

1. e4 c5 2. Nf3 d6 3. d4 cxd4 4. Nxd4 Nf6 5. Nc3 Nc6 6. Bc4 Bd7 7. Be3 Ng4 8. Nxc6 bxc6 9. Qf3 Ne5 10. Qe2 Nxc4 11. Qxc4 e6 12. O-O-O Be7 13. e5 d5 14. Qg4 O-O 15. Bh6 g6 16. Bxf8 Bxf8 17. h4 h5 18. Qf4 Rb8 19. g4 Qb6 20. b3 Qa5 21. Rh3 Rb4 22. Rd4 Qa3+ 23. Kb1 Rxd4 24. Qxd4 Bc5 25. Qf4 Qa6 26. Rh1 Qa5 27. Na4 hxg4 28. Nxc5 Qxc5 29. h5 gxh5 30. Qg5+ 1-0

[Event "*** Titled Tuesday Blitz"]
[Site "Chess.com"]
[Date "2018.12.04"]
[Round "3"]
[White "leclash"]
[Black "MaestroASK"]
[Result "0-1"]
[WhiteElo "2365"]
[BlackElo "2517"]
[TimeControl "180+2"]
[EndTime "13:36:31 PST"]
[Termination "MaestroASK won by resignation"]

1. d4 d6 2. c4 g6 3. Nc3 c6 4. e4 e5 5. Nge2 Bg7 6. Be3 Nd7 7. Qd2 Qe7 8. f3 Bh6 9. O-O-O Bxe3 10. Qxe3 Kf8 11. g4 Kg7 12. h4 Ngf6 13. Ng3 h5 14. g5 Nh7 15. Bh3 Re8 16. f4 exf4 17. Qxf4 Nb6 18. Bxc8 Raxc8 19. b3 Nf8 20. Rhf1 Rc7 21. Qf6+ Qxf6 22. Rxf6 Re6 23. Rdf1 Rxf6 24. Rxf6 Nc8 25. d5 Nd7 26. Rf4 Ne5 27. Kd2 c5 28. Nf1 a6 29. Ne3 Na7 30. Rf6 Rd7 31. a3 b5 32.
b4 cxb4 33. axb4 bxc4 34. Na4 Nb5 35. Nb6 Rc7 36. Kc2 Kf8 37. Nd1 c3 38. Rf2 Nd4+ 39. Kc1 Nd3+ 0-1

[Event "*** Titled Tuesday Blitz"]
[Site "Chess.com"]
[Date "2018.12.04"]
[Round "3"]
[White "Orest_Vovk"]
[Black "IngOscarArdila"]
[Result "1-0"]
[WhiteElo "2404"]
[BlackElo "2195"]
[TimeControl "180+2"]
[EndTime "13:36:31 PST"]
[Termination "Orest_Vovk won by resignation"]

1. g4 d6 2. Bg2 c6 3. h3 h5 4. g5 e5 5. d4 Nd7 6. dxe5 dxe5 7. Nf3 Be7 8. Nc3 Bb4 9. Bd2 Ne7 10. Ne4 Qb6 11.
c3 Bc5 12. b4 Bxf2+ 13. Nxf2 Nf5 14. Ne4 O-O 15. c4 Re8 16. c5 Qc7 17. O-O Nf8 18. Qe1 Ng6 19. Rd1 Be6 20. a3 Bd5 21. Nh2 Nd4 22.
Nd6 Rf8 23. Bxd5 cxd5 24. e3 Nc6 25. Bc3 Qd7 26. Qg3 Qe6 27. Nf3 a6 28. Nxb7 Rae8 29. Nd6 Re7 30. Nh4 d4 31. Nxg6 Qxg6 32. exd4 exd4 33.
Bxd4 Nxd4 34. Rxd4 Re2 35. Rdf4 Qc2 36. R4f2 h4 37.
Qxh4 Rxf2 38. Qxf2 Qg6 39. Nxf7 Qh5 40. Nh6+ gxh6 41.
Qxf8+ 1-0

[Event "*** Titled Tuesday Blitz"]
[Site "Chess.com"]
[Date "2018.12.04"]
[Round "3"]
[White "Thjop"]
[Black "biostatistician"]
[Result "1/2-1/2"]
[WhiteElo "2660"]
[BlackElo "2452"]
[TimeControl "180+2"]
[EndTime "13:36:34 PST"]
[Termination "Game drawn by agreement"]

1. e4 e6 2. d4 d5 3. Nd2 Nc6 4. Ngf3 Nf6 5. e5 Ne4 6. Bd3 Nxd2 7. Bxd2 Nb4 8. Bxb4 Bxb4+ 9. c3 Be7 10. h4 c5 11. a3 Bd7 12. g3 Qb6 13. Qd2 Bb5 14.
Bxb5+ Qxb5 15. Qe2 Qxe2+ 16. Kxe2 Kd7 17. b4 cxd4 18.
cxd4 Rhc8 19. Kd3 a5 20. bxa5 Rxa5 21. Rhb1 b5 22. Ne1 Bxa3 23. Nc2 b4 24. Rb3 h5 25. Nxa3 bxa3 26. Rbxa3 Rxa3+ 27. Rxa3 Rc1 28. Ra7+ Ke8 29. Ke3 Rc2 30. Ra8+ Ke7 31. Rh8 g6 32. Ra8 Rb2 33. Ra7+ Kf8 34. f3 Rh2 35. Kf4 Kg7 36. Rb7 Rd2 37.
Ke3 Rg2 38. Kf4 Rd2 39. Rb4 Rd1 40. Kg5 Rf1 41. Kf4 Rd1 42. Ke3 Re1+ 43. Kf2 Rd1 44. Ke2 Rg1 45. Kf2 Rd1 46. Ke3 1/2-1/2

[Event "*** Titled Tuesday Blitz"]
[Site "Chess.com"]
[Date "2018.12.04"]
[Round "3"]
[White "snowlord"]
[Black "gmjlh"]
[Result "0-1"]
[WhiteElo "2645"]
[BlackElo "2683"]
[TimeControl "180+2"]
[EndTime "13:36:35 PST"]
[Termination "gmjlh won by checkmate"]

1. e4 c6 2. d3 d5 3. Qe2 dxe4 4.
dxe4 b6 5. Nf3 Ba6 6. Qe3 Bxf1 7. Rxf1 e6 8. Bd2 Bc5 9. Qf4 Qf6 10. Nc3 Qxf4 11. Bxf4 Bb4 12. O-O-O Bxc3 13. bxc3 Nf6 14. Rfe1 Nbd7 15. Bd6 b5 16. Nd4 Rc8 17. f4 Nb6 18. e5 Nfd5 19. f5 exf5 20. Nxf5 g6 21. Nh6 Nc4 22. Rd3 Kd7 23. Nxf7 Rhe8 24. Bc5 a5 25. Rh3 h5 26. Rg3 Re6 27. Rf1 Rg8 28. Ng5 Rxe5 29. Rf7+ Ke8 30. Ra7 Re1# 0-1

[Event "*** Titled Tuesday Blitz"]
[Site "Chess.com"]
[Date "2018.12.04"]
[Round "3"]
[White "Manukyan_Artak"]
[Black "Muguet7"]
[Result "1-0"]
[WhiteElo "2388"]
[BlackElo "2436"]
[TimeControl "180+2"]
[EndTime "13:36:37 PST"]
[Termination "Manukyan_Artak won by checkmate"]

1. e4 c5 2. Nf3 d6 3. Bb5+ Nd7 4. O-O Nf6 5. Re1 a6 6. Bf1 b5 7. a4 b4 8. d4 e6 9. e5 Nd5 10. c4 bxc3 11. Nxc3 Nxc3 12. bxc3 d5 13. Bg5 Be7 14. h4 h6 15. Bxe7 Qxe7 16. Rb1 O-O 17. Qd2 f6 18. exf6 Qxf6 19. Bd3 cxd4 20. cxd4 a5 21. h5 Ba6 22.
Bg6 Bc4 23. Rb7 Nb8 24. Ne5 Na6 25. Bf7+ Kh8 26. Ng6+ Kh7 27. Nxf8+ Rxf8 28. Bg6+ Kh8 29. Rb6 Nc7 30. Rc6 Qd8 31. Qxa5 Qf6 32. Qd2 Qd8 33. f4 Qd7 34. Rb6 Qxa4 35. Qb4 Qd7 36. Qxf8# 1-0

[Event "*** Titled Tuesday Blitz"]
[Site "Chess.com"]
[Date "2018.12.04"]
[Round "3"]
[White "TheMagician"]
[Black "chess4life23"]
[Result "1-0"]
[WhiteElo "2262"]
[BlackElo "2398"]
[TimeControl "180+2"]
[EndTime "13:36:38 PST"]
[Termination "TheMagician won by resignation"]

1. d4 Nf6 2. Nc3 d5 3. Bg5 Nbd7 4. Qd3 h6 5. Bxf6 Nxf6 6. e4 dxe4 7. Nxe4 Nxe4 8.
Qxe4 c6 9. Bc4 Qa5+ 10. c3 Bf5 11.
Qf3 e6 12. Ne2 Bd6 13. Ng3 Bg6 14. Ne4 Be7 15. O-O O-O 16. Rfe1 Rad8 17. Bb3 Rfe8 18. Nd2 Qg5 19. Nc4 Bf6 20. Ne5 Bh5 21. Qg3 Qd2 22.
Nc4 Qg5 23. Qxg5 Bxg5 24. h3 Bg6 25. Ne5 Bh7 26. g3 Be7 27. Re2 Bd6 28. Rae1 Kf8 29.
f4 c5 30. dxc5 Bxc5+ 31. Kh2 Re7 32. Bc2 Bxc2 33. Rxc2 Rc7 34. Kg2 f6 35. Nf3 Kf7 36.
Ree2 Rd1 37. Rcd2 Ra1 38. a3 a5 39. h4 a4 40. h5 Bb6 41. Nd4 Rd7 42. Nb5 Rg1+ 43.
Kh2 Re7 44. Nd6+ Kg8 45. Nc8 Rc7 46. Nxb6 Rb1 1-0

[Event "*** Titled Tuesday Blitz"]
[Site "Chess.com"]
[Date "2018.12.04"]
[Round "3"]
[White "kirillgenius"]
[Black "WPWPWP-2015"]
[Result "0-1"]
[WhiteElo "2155"]
[BlackElo "2280"]
[TimeControl "180+2"]
[EndTime "13:36:42 PST"]
[Termination "WPWPWP-2015 won on time"]

1. e4 e5 2. Nc3 Nf6 3. Bc4 Nc6 4.
d3 Be7 5. f4 d6 6. Nf3 O-O 7. f5 Na5 8. Qe2 c6 9. Bb3 b5 10. g4 b4 11. Nd1 Nxb3 12. axb3 Nxg4 13. Rg1 Nf6 14. Bh6 g6 15. Bxf8 Qxf8 16. Ne3 a5 17.
O-O-O a4 18. bxa4 Rxa4 19. b3 Ra7 20. Kb2 d5 21. Nd2 Bc5 22. Rb1 Qh6 23. Ng4 Nxg4 24. Rxg4 Be3 25. Rg2 Ba6 26. fxg6 hxg6 27. exd5 cxd5 0-1

[Event "*** Titled Tuesday Blitz"]
[Site "Chess.com"]
[Date "2018.12.04"]
[Round "3"]
[White "BocharovD"]
[Black "GABUZYAN_CHESSMOOD"]
[Result "1/2-1/2"]
[WhiteElo "2732"]
[BlackElo "2810"]
[TimeControl "180+2"]
[EndTime "13:36:44 PST"]
[Termination "Game drawn by agreement"]

1. c4 g6 2. Nf3 Bg7 3. e3 d6 4. d4 Nd7 5. Nc3 e5 6. Be2 f5 7. O-O Ngf6 8. dxe5 Nxe5 9. Nxe5 dxe5 10. Qxd8+ Kxd8 11. b3 c6 12. Rd1+ Kc7 13. Ba3 Rd8 14.
Rxd8 Kxd8 15. Rd1+ Ke8 16. Bd6 e4 17. Be5 Nh5 18.
Bxg7 Nxg7 19. f3 exf3 20. Bxf3 Ke7 21. Kf2 Bd7 22. h4 Rf8 23. g3 Ne8 24. b4 Nf6 25.
Ke2 Be6 26. Rd4 Rc8 27. c5 h6 28. a3 g5 29. hxg5 hxg5 30. e4 Rh8 31. exf5 Rh2+ 32.
Ke1 Bxf5 33. b5 Rc2 34. bxc6 bxc6 35. Na4 Bd7 36. Bd1 Rg2 37. Rd3 Nd5 38. Nc3 Be6 39. Kf1 Rb2 40. Bf3 Nxc3 41. Rxc3 Bd5 42. Bxd5 cxd5 43.
c6 Rb8 44. c7 Rc8 45. Rc6 Kd7 46. Rg6 Rxc7 47. Rxg5 Kd6 48. Ke2 Rc3 49. Rg6+ Ke5 50. Ra6 Rxg3 51. Rxa7 Ke4 52. Rh7 Rxa3 53. Rh4+ Ke5 54.
Kd2 1/2-1/2

[Event "*** Titled Tuesday Blitz"]
[Site "Chess.com"]
[Date "2018.12.04"]
[Round "3"]
[White "PowerThinking2650"]
[Black "StoreySniper"]
[Result "0-1"]
[WhiteElo "2254"]
[BlackElo "2403"]
[TimeControl "180+2"]
[EndTime "13:36:50 PST"]
[Termination "StoreySniper won by resignation"]

1. e4 g6 2. d4 Bg7 3. c4 c5 4. Ne2 Qa5+ 5. Nbc3 Nf6 6. f3 d6 7. Be3 O-O 8. d5 a6 9. Ng3 h5 10. Be2 h4 11. Nf1 b5 12. Nd2 b4 13. Na4 Bd7 14. b3 Bxa4 15. bxa4 Nbd7 16. Bd3 Nh5 17. Rb1 Bd4 18.
Nb3 Bc3+ 19. Nd2 Ne5 20. Be2 f5 21. exf5 Rxf5 22. O-O Raf8 23. Ne4 Nf4 24. Bxf4 Rxf4 25. Nxc3 bxc3 26. Qc2 Rd4 27. Rfd1 Rff4 28. Rb7 Rxd1+ 29.
Qxd1 Rd4 30. Qc1 Rd2 31. Rxe7 c2 32. Kf1 Nd3 33. Bxd3 Rd1+ 0-1

[Event "*** Titled Tuesday Blitz"]
[Site "Chess.com"]
[Date "2018.12.04"]
[Round "3"]
[White "Vadim_Biliy"]
[Black "tteshan"]
[Result "0-1"]
[WhiteElo "2149"]
[BlackElo "2118"]
[TimeControl "180+2"]
[EndTime "13:36:51 PST"]
[Termination "tteshan won by resignation"]

1. e4 c5 2. Nf3 Nc6 3. d4 cxd4 4. Nxd4 g6 5. Nc3 Bg7 6. Nde2 Nf6 7. f3 O-O 8. Be3 d6 9. Qd2 Ne5 10. Nf4 Bd7 11.
O-O-O Rc8 12. Ncd5 Nc4 13. Bxc4 Rxc4 14. g4 e6 15. g5 Nxd5 16. exd5 e5 17. Ne2 Bf5 18. c3 Qa5 19. b3 Rc7 20. c4 Qa3+ 21. Qb2 Qxb2+ 22. Kxb2 e4+ 23. Bd4 exf3 24. Ng3 Bg4 25.
Bxg7 Kxg7 26. Rd4 Bh3 27. Rf4 Re8 28. Rc1 Bg2 29. Rc2 Rce7 30. b4 Re2 31. c5 Rxc2+ 32.
Kxc2 dxc5 33. bxc5 Re5 34. c6 bxc6 35. dxc6 Rc5+ 36.
Kd2 Rxc6 37. Ke3 Rc3+ 38. Kf2 Rc2+ 39. Ke3 Rxa2 40. h4 a5 41. Ne4 Re2+ 42. Kd3 Rxe4 0-1

[Event "*** Titled Tuesday Blitz"]
[Site "Chess.com"]
[Date "2018.12.04"]
[Round "3"]
[White "julinha97"]
[Black "maziarbagheri"]
[Result "0-1"]
[WhiteElo "2111"]
[BlackElo "2230"]
[TimeControl "180+2"]
[EndTime "13:36:51 PST"]
[Termination "maziarbagheri won by resignation"]

1. e4 e5 2. Nf3 Nc6 3. Bb5 a6 4. Ba4 Nf6 5. O-O Be7 6. c3 O-O 7. Re1 b5 8. Bc2 d6 9. h3 Nb8 10. d4 Nbd7 11. Nbd2 Bb7 12. Nf1 Re8 13. a4 Bf8 14. d5 c6 15. dxc6 Bxc6 16. Ng3 h6 17.
Nh4 Nc5 18. a5 d5 19. exd5 Qxd5 20. Qxd5 Nxd5 21. b4 Nb7 22. Bb2 Nd6 23. Rad1 Nc4 24. Ba1 g6 25. Ne4 Kg7 26. Nd2 Rad8 27. Bb3 Nxd2 28.
Rxd2 Nf4 29. Rxd8 Rxd8 30. c4 f6 31. cxb5 Bxb5 32. Kh2 Bxb4 33. Rc1 Bd6 34. g3 Nd3 35. Rc2 Nb4 36. Rc1 Bd7 37. Rd1 Bb5 38. Bc3 Nd3 39. Bc2 Bc7 40. Rd2 e4 41. Kg2 Ne1+ 42. Kg1 Rxd2 43. Bxd2 Nxc2 0-1

[Event "*** Titled Tuesday Blitz"]
[Site "Chess.com"]
[Date "2018.12.04"]
[Round "3"]
[White "VladimirBelous"]
[Black "AryanTari"]
[Result "1-0"]
[WhiteElo "2748"]
[BlackElo "2788"]
[TimeControl "180+2"]
[EndTime "13:36:53 PST"]
[Termination "VladimirBelous won by checkmate"]

1. Nf3 g6 2. c4 Bg7 3. d4 Nf6 4. Nc3 d5 5. Bf4 O-O 6. e3 Be6 7. Qb3 c5 8. Ng5 cxd4 9. Nxe6 fxe6 10. exd4 Nc6 11. Be3 Rc8 12. cxd5 Nxd5 13. Rd1 Qa5 14. Bc4 Nxe3 15. Bxe6+ Kh8 16. fxe3 Qg5 17. Kd2 Nxd4 18. Qd5 Nxe6 19. Qxe6 Qxg2+ 20. Kc1 b5 21. Rhf1 b4 22.
Rxf8+ Rxf8 23. Na4 Qxh2 24. Kb1 Qe5 25. Qb3 Qe4+ 26.
Ka1 h5 27. Nc5 Qg4 28. Ne6 Rf2 29. Nxg7 Kxg7 30. Qd5 Qf5 31. Qd4+ Qf6 32. Qxb4 h4 33. a4 h3 34. Rd7 h2 35. Rxe7+ Kh6 36. Qb7 h1=Q+ 37.
Qxh1+ Kg5 38. Qd5+ Kh6 39. Rb7 g5 40. Qh1+ Kg6 41.
Qh7# 1-0

[Event "*** Titled Tuesday Blitz"]
[Site "Chess.com"]
[Date "2018.12.04"]
[Round "3"]
[White "Quiet_Desperation"]
[Black "chesstatour"]
[Result "0-1"]
[WhiteElo "2142"]
[BlackElo "2092"]
[TimeControl "180+2"]
[EndTime "13:36:57 PST"]
[Termination "chesstatour won by resignation"]

1. e4 c6 2. Nc3 d5 3. Nf3 dxe4 4. Nxe4 Bf5 5. Ng3 Bg6 6. Ne5 Nd7 7. Nxg6 hxg6 8.
Bc4 e6 9. d4 Ngf6 10. Be3 Bd6 11. Qe2 Qc7 12. O-O-O O-O-O 13. Kb1 Kb8 14. Bd3 Nd5 15.
c4 Nxe3 16. Qxe3 Bf4 17. Qf3 Nf6 18. Bc2 Bxg3 19. hxg3 g5 20. Rhe1 Rd7 21. Qe3 g4 22. Qg5 Rg8 23. Rh1 Qd8 24. Qf4+ Qc7 25. Qg5 Qd8 26. Qe3 Re8 27. Be4 Qc7 28. Bc2 Red8 29.
a3 Qb6 30. c5 Qc7 31. Bb3 a6 32. Rhe1 Ka8 33. Qg5 Rg8 34. Rh1 Qd8 35. Qe3 Kb8 36. f3 gxf3 37. gxf3 Nd5 38. Bxd5 Rxd5 39. Qf4+ Qc7 40.
Qe4 Qd8 41. f4 g6 42. Rh7 Qd7 43. g4 Rd8 44. Ka2 Rxd4 45. Qe5+ Ka8 46. Rxf7 Qxf7 47. Rxd4 Rxd4 48. Qxd4 e5+ 0-1